 Dungeon Crawl Stone Soup version 0.30-a0-170-g85af917532 (webtiles) character file.

Game seed: 15127040645878888202

58177 qw the Severer (level 14, -5/92 HPs)
             Began as a Gargoyle Fighter on Oct 1, 2022.
             Was a High Priest of Okawaru.
             Slain by a bone dragon (21 damage)
             ... on level 2 of the Abyss.
             The game lasted 00:07:56 (20173 turns).

qw the Severer (Gargoyle Fighter)                  Turns: 20173, Time: 00:07:57

Health: -5/92      AC: 48    Str: 33    XL:     14   Next: 89%
Magic:  19/21      EV:  9    Int: 11    God:    Okawaru [*****.]
Gold:   366        SH: 13    Dex:  7    Spells: 13/13 levels left

rFire   + + +      SeeInvis +    Y - +3 war axe (flame)
rCold   + . .      Faith    .    D - +2 kite shield
rNeg    + . .      Spirit   .    C - +4 plate armour {rF+}
rPois   inf        Reflect  .    E - +1 helmet {SInv}
rElec   +          Harm     .    s - +2 cloak
rCorr   .          Rampage  .    b - +2 pair of gloves
Will    +....                    j - +1 pair of boots "Razet" {rF++ Str+10 Dex-2 Stlth-}
Stlth   ..........               g - amulet of the acrobat
HPRegen 0.25/turn                l - +4 ring of protection
MPRegen 0.17/turn                r - ring of protection from cold

@: mighty, about to teleport, heroic, flying, invisible
A: sickness immunity, AC +10, big wings, negative energy resistance 1,
electricity resistance, torment resistance 1, petrification resistance
a: Renounce Religion, Heroism, Finesse, Duel


You were on level 2 of the Abyss.
You worshipped Okawaru.
Okawaru was extremely pleased with you.
You visited 3 branches of the dungeon, and saw 21 of its levels.
You visited the Abyss 1 time.

You collected 1414 gold pieces.
You spent 1048 gold pieces at shops.


Innate Abilities, Weirdness & Mutations

You are immune to sickness and miasma.
Your stone body is resilient. (AC +10)
You are immune to poison.
Your large and strong wings let you fly.
You resist negative energy. (rN+)
You are resistant to electric shocks. (rElec)
You are resistant to unholy torment.
You are immune to petrification.


   Skills:
 - Level 12.0(17.0) Fighting
 - Level 15.8(20.8) Axes
 - Level 6.0(11.0) Throwing
 - Level 11.0(16.0) Armour
 - Level 2.3(7.3) Dodging
 + Level 8.0(13.0) Shields
 - Level 10.0 Invocations


You had 13 spell levels left.
You didn't know any spells.
Your spell library was empty.

Inventory:

Hand Weapons
 Y - a +3 war axe of flaming (weapon)
Missiles
 n - 13 silver javelins
 q - 19 javelins (quivered)
 w - 33 boomerangs
Armour
 b - a +2 pair of gloves (worn)
 j - the +1 pair of boots "Razet" (worn) {rF++ Str+10 Dex-2 Stlth-}
   (You acquired it on level 4 of the Dungeon)

   Str:       It affects your strength (+10).
   Dex:       It affects your dexterity (-2).
   rF:        It greatly protects you from fire.
   Stlth:     It makes you less stealthy.
 s - a +2 cloak (worn)
 t - a +2 chain mail of cold resistance
 u - a +2 helmet
 y - a +0 kite shield of fire resistance
 C - a +4 plate armour of fire resistance (worn)
 D - a +2 kite shield (worn)
 E - a +1 helmet of see invisible (worn)
Jewellery
 g - an amulet of the acrobat (around neck)
 l - a +4 ring of protection (left hand)
 r - a ring of protection from cold (right hand)
 v - a ring of ice
 x - a +6 ring of dexterity
Scrolls
 a - 10 scrolls of identify
 o - 3 scrolls of teleportation
Potions
 d - 3 potions of might
 e - 4 potions of resistance
 f - 2 potions of cancellation
 h - 8 potions of attraction
 i - 4 potions of lignification
 k - 3 potions of curing
 m - 2 potions of mutation
 z - 5 potions of heal wounds
 A - 2 potions of magic
 B - 3 potions of haste

Dungeon Overview and Level Annotations

Branches:
Dungeon (15/15)            Temple (1/1) D:7            Lair (5/5) D:10
  Swamp (0/4) Lair:2       Spider (0/4) Lair:2        Slime (0/5) Lair:5
    Orc (0/2) D:9          Vaults (0/5) D:13
 Depths: D:15

Altars:
Ashenzari
Cheibriados
Dithmenos
Elyvilon
Fedhas
Gozag
Hepliaklqana
Kikubaaqudgha
Makhleb
Nemelex Xobeh
Okawaru
Qazlal
Ru
Sif Muna
Trog
Uskayaw
Vehumet
Wu Jian
Xom
Yredelemnul
Zin
The Shining One

Shops:
D:11 *   D:14 !*

Annotations:
D:2 1 runed translucent door, Crazy Yiuf
D:15 Louise
Lair:3 2 transporters
Lair:5 3 runed translucent doors


Message History

The bone dragon is moderately damaged.
You closely miss the apocalypse crab.
You are engulfed in seething chaos.
The bone dragon is engulfed in seething chaos.
The bone dragon seems to grow stronger.
The bone dragon bites you but does no damage.
The bone dragon claws you but does no damage.
The bone dragon barely misses you.
The apocalypse crab is engulfed in seething chaos.
The apocalypse crab breathes chaos at you.
The blast of chaos engulfs you but does no damage.
You partially resist.
You hit the bone dragon.
The bone dragon is moderately damaged.
You barely miss the apocalypse crab.
You are engulfed in seething chaos.
The bone dragon is engulfed in seething chaos.
The bone dragon flickers and vanishes for a moment.
You block the bone dragon's attack. The bone dragon misses you.
The bone dragon tramples you but does no damage.
The apocalypse crab is engulfed in seething chaos.
The apocalypse crab bites you! The apocalypse crab freezes you. You resist.
You block the apocalypse crab's attack.
20172 ||| INVOKING Heroism.
You gain the combat prowess of a mighty hero.
You are engulfed in seething chaos.
You feel mightier all of a sudden.
The bone dragon is engulfed in seething chaos.
The bone dragon seems to speed up.
The bone dragon bites you!! You block the bone dragon's attack.
The bone dragon tramples you but does no damage.
The apocalypse crab is engulfed in seething chaos.
The apocalypse crab bites you. The apocalypse crab shocks you. You resist.
The apocalypse crab claws you.
You are engulfed in flames.
You resist.
20173 ||| READING 4 scrolls of teleportation.
As you read the scroll of teleportation, it crumbles to dust.
You feel strangely unstable.
You feel the power of the Abyss delaying your translocation!
The bone dragon bites you!!
You die...

#.. ...# # ..##..##. .
#. ..... ........... .
.. .. ..... .........
.##..# ..##..##..##..#
# .# ..##..##..##..##.
.......................
....................
..##..##..##t.##..##. .
# . #..##@.# ..# .
.......D....... .>
................
..##..##..##..##. .
#..##..# ..# ... ....
... ... .... .. .##
#..##


You could see a bone dragon (fast, strong, invisible) and an apocalypse crab
(agile).

Vanquished Creatures
  An eidolon (Abyss:2)
  3 hydras
  A catoblepas (Lair:1)
  5 centaur warriors
  6 death yaks (Lair:4)
  2 dancing weapons (D:13)
  2 boulder beetles
  5 two-headed ogres
  A deep elf knight (D:14)
  A bog body (Lair:2)
  A lindwurm (Lair:5)
  A deep elf archer (D:14)
  Pikel (D:9)
  2 ugly things (D:12)
  An orc knight (D:14)
  An oklob plant (D:10)
  A cyclops (D:12)
  4 manticores
  7 black mambas
  7 elephants
  7 cane toads
  2 unseen horrors (D:13)
  2 molten gargoyles (Lair:5)
  3 gargoyles
  A torpor snail (Lair:5)
  Maggie (D:10)
  13 komodo dragons
  A freezing wraith (D:15)
  A rime drake (Lair:3)
  2 trolls
  3 polar bears (Lair:5)
  12 slime creatures
  7 blink frogs
  A centaur simulacrum (D:12)
  4 vampires
  5 shadows
  46 yaks
  5 wyverns
  7 basilisks
  A wraith (D:13)
  11 vampire mosquitoes
  A steam dragon (D:7)
  Menkaure (D:7)
  9 water moccasins
  An acid dragon (D:8)
  4 hell hounds (Lair:5)
  13 orc warriors
  A black bear (D:8)
  3 boggarts (D:14)
  An ogre (D:5)
  9 wolves
  7 centaurs
  A lemure (D:9)
  6 kobold brigands
  An earth elemental (Abyss:2)
  15 bullfrogs
  2 necrophages
  4 scorpions
  5 wights (D:6)
  A small abomination (Abyss:2)
  9 killer bees
  2 howler monkeys (D:12)
  6 hounds
  5 lava snakes (Lair:5)
  3 jellies (D:8)
  8 orc priests
  2 gnoll boudas
  2 iguanas (D:5)
  11 orc wizards
  4 hell rats (Lair:2)
  Natasha (twice) (D:2)
  10 gnolls
  8 adders
  A shadow imp (D:6)
  5 worms
  A dart slug (D:1)
  43 orcs
  6 endoplasms
  14 giant cockroaches
  3 goblins
  13 hobgoblins
  6 quokkas
  9 ball pythons
  5 bats
  2 frilled lizards
  33 kobolds
  7 rats
493 creatures vanquished.

Vanquished Creatures (others)
  23 fungi
  42 plants
65 creatures vanquished.

Grand Total: 558 creatures vanquished

Notes
Turn   | Place    | Note
-------+----------+-------------------------------------------
     0 | D:1      | qw the Gargoyle Fighter began the quest for the Orb.
     0 | D:1      | Reached XP level 1. HP: 14/14 MP: 1/1
     0 | D:1      | 0 ||| qw: Version: 0.2-a-13-gfc7b4b4
     0 | D:1      | 0 ||| qw: Game counter: 1734
     0 | D:1      | 0 ||| qw: Always use a shield: true
     0 | D:1      | 0 ||| qw: God list: Okawaru
     0 | D:1      | 0 ||| qw: Allow faded altars: false
     0 | D:1      | 0 ||| qw: Do Orc after D:15 true
     0 | D:1      | 0 ||| qw: Do second Lair branch before Depths: true
     0 | D:1      | 0 ||| qw: Lair rune preference: random
     0 | D:1      | 0 ||| qw: Plans: Normal, Zot:1-4, God:TSO, Crypt, Tomb,
                  | Pan, Slime:5, Hells, Abyss, Orb
     0 | D:1      | 0 ||| PLANNING D:1-11
    66 | D:1      | Reached skill level 2 in Axes
   305 | D:1      | Reached XP level 2. HP: 19/19 MP: 2/2
   324 | D:1      | Found a faded altar of an unknown god.
   360 | D:1      | 360 ||| Stepping ~*~*~tactically~*~*~ (stealth).
   361 | D:1      | 361 ||| Stepping ~*~*~tactically~*~*~ (stealth).
   534 | D:1      | 534 ||| Stepping ~*~*~tactically~*~*~ (stealth).
   538 | D:1      | 538 ||| Stepping ~*~*~tactically~*~*~ (stealth).
   562 | D:1      | 562 ||| Stepping ~*~*~tactically~*~*~ (stealth).
   564 | D:1      | 564 ||| Stepping ~*~*~tactically~*~*~ (stealth).
   565 | D:1      | 565 ||| Stepping ~*~*~tactically~*~*~ (stealth).
   704 | D:1      | Reached skill level 3 in Axes
   757 | D:1      | Reached XP level 3. HP: 16/23 MP: 3/3
  1204 | D:1      | 1204 ||| Stepping ~*~*~tactically~*~*~ (hiding).
  1208 | D:1      | 1208 ||| Stepping ~*~*~tactically~*~*~ (hiding).
  1241 | D:1      | 1241 ||| UPGRADING to +0 plate armour.
  1251 | D:1      | 1251 ||| DROPPING +0 scale mail.
  1252 | D:1      | 1252 ||| DROPPING ring of magical power.
  1253 | D:1      | 1253 ||| READING 4 scrolls labelled UGUASO SEAB.
  1254 | D:1      | 1254 ||| READING scroll labelled GILLU ZUBBEIZ.
  1255 | D:1      | 1255 ||| READING scroll labelled PAUNGO HIWK.
  1356 | D:1      | 1356 ||| READING scroll labelled KOOTER MOPU.
  1357 | D:1      | 1357 ||| READING scroll labelled GAIROI KIFU.
  1358 | D:1      | 1358 ||| DRINKING 2 brown potions.
  1359 | D:1      | 1359 ||| DRINKING 2 clear potions.
  1360 | D:1      | 1360 ||| READING 3 scrolls of identify.
  1360 | D:1      | 1360 ||| IDENTIFYING fizzy red potion
  1361 | D:1      | 1361 ||| READING 2 scrolls of identify.
  1361 | D:1      | 1361 ||| IDENTIFYING white potion
  1362 | D:1      | 1362 ||| DROPPING potion of berserk rage.
  1500 | D:2      | Noticed Natasha
  1501 | D:2      | 1501 ||| Stepping ~*~*~tactically~*~*~ (hiding).
  1502 | D:2      | 1502 ||| Stepping ~*~*~tactically~*~*~ (hiding).
  1507 | D:2      | Killed Natasha
  1508 | D:2      | Reached XP level 4. HP: 28/28 MP: 4/4
  1520 | D:2      | 1520 ||| Stepping ~*~*~tactically~*~*~ (stealth).
  1563 | D:2      | Reached skill level 4 in Axes
  1566 | D:2      | 1566 ||| Stepping ~*~*~tactically~*~*~ (stealth).
  1769 | D:2      | 1769 ||| Stepping ~*~*~tactically~*~*~ (stealth).
  1770 | D:2      | 1770 ||| Stepping ~*~*~tactically~*~*~ (stealth).
  1771 | D:2      | 1771 ||| Stepping ~*~*~tactically~*~*~ (stealth).
  1772 | D:2      | Noticed Natasha
  1780 | D:2      | Killed Natasha
  1793 | D:2      | 1793 ||| Stepping ~*~*~tactically~*~*~ (stealth).
  1801 | D:2      | Found a blossoming altar of Fedhas.
  1915 | D:2      | Found a runed translucent door.
  1916 | D:2      | Noticed Crazy Yiuf
  2068 | D:2      | 2068 ||| Stepping ~*~*~tactically~*~*~ (stealth).
  2156 | D:2      | 2156 ||| UPGRADING to +4 ring of protection.
  2157 | D:2      | 2157 ||| READING scroll labelled TONTEHE UBLYCW.
  2158 | D:2      | 2158 ||| READING scroll labelled KIDIUCL ZYRY.
  2159 | D:2      | 2159 ||| READING scroll labelled ASICEW QIYXKA.
  2160 | D:2      | 2160 ||| READING 3 scrolls of identify.
  2160 | D:2      | 2160 ||| IDENTIFYING ruby potion
  2161 | D:2      | 2161 ||| READING 2 scrolls of identify.
  2161 | D:2      | 2161 ||| IDENTIFYING green potion
  2162 | D:2      | 2162 ||| DROPPING potion of brilliance.
  2189 | D:3      | 2189 ||| PLANNING SEWER
  2194 | D:3      | 2194 ||| STAIRDANCE
  2338 | D:3      | Reached XP level 5. HP: 29/32 MP: 5/5
  2369 | D:3      | Found an opulent altar of Gozag.
  2482 | D:3      | 2482 ||| Stepping ~*~*~tactically~*~*~ (stealth).
  2508 | D:3      | 2508 ||| Stepping ~*~*~tactically~*~*~ (stealth).
  2553 | D:3      | 2553 ||| Stepping ~*~*~tactically~*~*~ (stealth).
  2568 | D:3      | 2568 ||| Stepping ~*~*~tactically~*~*~ (stealth).
  2570 | D:3      | 2570 ||| Stepping ~*~*~tactically~*~*~ (stealth).
  2719 | D:3      | 2719 ||| DROPPING +0 club.
  2720 | D:3      | 2720 ||| READING scroll of enchant weapon.
  2720 | D:3      | 2720 ||| ENCHANTING +1 vorpal war axe.
  2764 | D:3      | Found a glowing drain.
  2775 | D:3      | 2775 ||| UPGRADING to +0 pair of gloves.
  2780 | D:3      | 2780 ||| READING scroll labelled XYKOAM ADETI.
  2784 | D:3      | 2784 ||| READING 3 scrolls of identify.
  2784 | D:3      | 2784 ||| IDENTIFYING sapphire potion
  2785 | D:3      | 2785 ||| READING 2 scrolls of identify.
  2785 | D:3      | 2785 ||| IDENTIFYING bubbling brown potion
  2786 | D:3      | 2786 ||| DROPPING potion of invisibility.
  2819 | D:3      | 2819 ||| RIP SEWER
  2842 | D:3      | 2842 ||| PLANNING D:1-11
  2893 | D:3      | 2893 ||| Stepping randomly (stuck).
  2898 | D:3      | 2898 ||| Stepping randomly (stuck).
  2906 | D:3      | 2906 ||| Stepping randomly (stuck).
  2907 | D:3      | 2907 ||| Stepping randomly (stuck).
  2966 | D:3      | 2966 ||| Stepping ~*~*~tactically~*~*~ (stealth).
  2972 | D:3      | 2972 ||| Stepping ~*~*~tactically~*~*~ (stealth).
  2984 | D:3      | Reached skill level 5 in Axes
  2988 | D:3      | 2988 ||| Stepping ~*~*~tactically~*~*~ (stealth).
  2995 | D:3      | Noticed a kobold brigand
  3007 | D:3      | Killed a kobold brigand
  3008 | D:3      | Reached XP level 6. HP: 39/39 MP: 6/6
  3014 | D:3      | 3014 ||| Stepping ~*~*~tactically~*~*~ (stealth).
  3201 | D:4      | HP: 8/39 [gnoll/+0 spear[a gnoll bouda] (2)]
  3202 | D:4      | 3202 ||| READING scroll of teleportation.
  3209 | D:4      | HP: 8/39 [adder (1)]
  3552 | D:4      | Reached skill level 6 in Axes
  3966 | D:4      | Reached XP level 7. HP: 44/44 MP: 7/7
  4142 | D:4      | 4142 ||| UPGRADING to amulet of the acrobat.
  4147 | D:4      | 4147 ||| READING scroll labelled QEOTTE YLYREG.
  4148 | D:4      | 4148 ||| READING 2 scrolls labelled PAGI DAMPODGH.
  4149 | D:4      | 4149 ||| READING scroll labelled ABLAUNNASHRU.
  4149 | D:4      | Identified a scroll of acquirement
  4149 | D:4      | 4149 ||| ACQUIRING +1 pair of boots "Razet" {rF++ Str+10
                  | Dex-2 Stlth-}
  4149 | D:4      | Acquired the +1 pair of boots "Razet" {rF++ Str+10 Dex-2
                  | Stlth-}
  4151 | D:4      | 4151 ||| UPGRADING to +1 pair of boots "Razet" {rF++ Str+10
                  | Dex-2 Stlth-}.
  4156 | D:4      | 4156 ||| READING scroll labelled JEECIU ZEEH.
  4157 | D:4      | 4157 ||| DRINKING 2 grey potions.
  4158 | D:4      | 4158 ||| DROPPING scroll of blinking.
  4173 | D:5      | Entered Level 5 of the Dungeon
  4315 | D:5      | 4315 ||| DROPPING +0 mace.
  4482 | D:5      | 4482 ||| FLEEEEING.
  4483 | D:5      | 4483 ||| FLEEEEING.
  4484 | D:5      | 4484 ||| FLEEEEING.
  4485 | D:5      | 4485 ||| FLEEEEING.
  4486 | D:5      | 4486 ||| FLEEEEING.
  4487 | D:5      | 4487 ||| FLEEEEING.
  4488 | D:5      | 4488 ||| FLEEEEING.
  4489 | D:5      | 4489 ||| STAIRDANCE
  4591 | D:4      | 4591 ||| DRINKING 2 purple potions.
  4634 | D:5      | 4634 ||| STAIRDANCE
  4643 | D:5      | 4643 ||| STAIRDANCE
  5059 | D:5      | 5059 ||| Stepping ~*~*~tactically~*~*~ (hiding).
  5067 | D:5      | Reached skill level 1 in Throwing
  5074 | D:5      | Reached skill level 7 in Axes
  5211 | D:5      | Found a hazy altar of Hepliaklqana.
  5262 | D:5      | 5262 ||| READING scroll labelled NADAOFR TOENA.
  5426 | D:6      | 5426 ||| Stepping ~*~*~tactically~*~*~ (stealth).
  5476 | D:6      | 5476 ||| Stepping ~*~*~tactically~*~*~ (stealth).
  5478 | D:6      | 5478 ||| Stepping ~*~*~tactically~*~*~ (stealth).
  5482 | D:6      | 5482 ||| Stepping ~*~*~tactically~*~*~ (stealth).
  5486 | D:6      | 5486 ||| Stepping ~*~*~tactically~*~*~ (stealth).
  5488 | D:6      | 5488 ||| Stepping ~*~*~tactically~*~*~ (stealth).
  5493 | D:6      | Reached XP level 8. HP: 28/50 MP: 8/8
  5496 | D:6      | 5496 ||| FLEEEEING.
  5497 | D:6      | 5497 ||| FLEEEEING.
  5498 | D:6      | 5498 ||| STAIRDANCE
  5635 | D:5      | 5635 ||| READING 2 scrolls of identify.
  5635 | D:5      | 5635 ||| IDENTIFYING blue potion
  5636 | D:5      | 5636 ||| DROPPING potion of flight.
  5663 | D:6      | 5663 ||| Stepping ~*~*~tactically~*~*~ (water).
  5706 | D:6      | Reached skill level 1 in Dodging
  5760 | D:6      | 5760 ||| Stepping ~*~*~tactically~*~*~ (stealth).
  5761 | D:6      | 5761 ||| Stepping ~*~*~tactically~*~*~ (stealth).
  5765 | D:6      | 5765 ||| Stepping ~*~*~tactically~*~*~ (stealth).
  5768 | D:6      | 5768 ||| Stepping ~*~*~tactically~*~*~ (stealth).
  5770 | D:6      | 5770 ||| Stepping ~*~*~tactically~*~*~ (stealth).
  5776 | D:6      | 5776 ||| Stepping ~*~*~tactically~*~*~ (stealth).
  5779 | D:6      | 5779 ||| Stepping ~*~*~tactically~*~*~ (stealth).
  6146 | D:6      | Reached skill level 8 in Axes
  6357 | D:6      | 6357 ||| UPGRADING to ring of protection from cold.
  6366 | D:7      | Noticed Menkaure
  6375 | D:7      | Killed Menkaure
  6376 | D:7      | Reached skill level 6 in Fighting
  6474 | D:7      | Reached XP level 9. HP: 41/55 MP: 9/9
  6507 | D:7      | 6507 ||| Stepping ~*~*~tactically~*~*~ (stealth).
  6603 | D:7      | 6603 ||| READING scroll of enchant armour.
  6603 | D:7      | 6603 ||| ENCHANTING +0 pair of gloves.
  6620 | D:7      | Found a staircase to the Ecumenical Temple.
  6621 | D:7      | 6621 ||| PLANNING TEMPLE
  6621 | D:7      | 6621 ||| Stepping ~*~*~tactically~*~*~ (stealth).
  6628 | D:7      | Reached skill level 9 in Axes
  6663 | Temple   | Entered the Ecumenical Temple
  6871 | Temple   | 6871 ||| PLANNING D:1-11
  6992 | D:7      | Noticed a two-headed ogre
  6998 | D:7      | Killed a two-headed ogre
  6999 | D:7      | Reached skill level 6 in Shields
  7344 | D:7      | 7344 ||| Stepping ~*~*~tactically~*~*~ (hiding).
  7455 | D:7      | 7455 ||| UPGRADING to +0 cloak.
  7460 | D:7      | 7460 ||| READING scroll labelled CAOSED IFUXAR.
  7461 | D:7      | 7461 ||| READING scroll labelled DOUNKEWISCH.
  7646 | D:8      | Reached skill level 6 in Armour
  7722 | D:8      | HP: 14/57 [killer bee (1)]
  7722 | D:8      | HP: 3/57 [acid dragon (4)]
  7723 | D:8      | 7723 ||| DRINKING potion of heal wounds.
  7728 | D:8      | Reached XP level 10. HP: 26/63 MP: 10/10
  7732 | D:8      | HP: 15/63 [killer bee (2)]
  7743 | D:8      | HP: 11/63 [killer bee (6)]
  8146 | D:8      | 8146 ||| Stepping ~*~*~tactically~*~*~ (hiding).
  8147 | D:8      | 8147 ||| Stepping ~*~*~tactically~*~*~ (stealth).
  8157 | D:8      | 8157 ||| DRINKING 5 potions of curing.
  8157 | D:8      | 8157 ||| (to cure confusion)
  8164 | D:8      | 8164 ||| DROPPING +0 flail.
  8303 | D:9      | Noticed Pikel
  8322 | D:9      | Killed Pikel
  8323 | D:9      | Reached skill level 10 in Axes
  8422 | D:9      | 8422 ||| Stepping ~*~*~tactically~*~*~ (stealth).
  8431 | D:9      | 8431 ||| Stepping ~*~*~tactically~*~*~ (hiding).
  8432 | D:9      | 8432 ||| Stepping ~*~*~tactically~*~*~ (hiding).
  8465 | D:9      | 8465 ||| Stepping ~*~*~tactically~*~*~ (hiding).
  8466 | D:9      | 8466 ||| Stepping ~*~*~tactically~*~*~ (hiding).
  8650 | D:9      | Found a staircase to the Orcish Mines.
  8744 | D:9      | 8744 ||| Stepping ~*~*~tactically~*~*~ (hiding).
  8764 | D:9      | Found a stormy altar of Qazlal.
  8771 | D:9      | Found a shimmering altar of Xom.
  8772 | D:9      | Found a shadowy altar of Dithmenos.
  8773 | D:9      | Found a burning altar of Makhleb.
  8774 | D:9      | Found an iron altar of Okawaru.
  8775 | D:9      | 8775 ||| PLANNING OKAWARU WORSHIP
  8775 | D:9      | 8775 ||| UPGRADING to +2 helmet.
  8780 | D:9      | Found an ancient bone altar of Kikubaaqudgha.
  8781 | D:9      | Found a basalt altar of Yredelemnul.
  8783 | D:9      | Became a worshipper of Warmaster Okawaru
  8784 | D:9      | 8784 ||| PLANNING D:1-11
  9150 | D:9      | 9150 ||| READING 7 scrolls of identify.
  9150 | D:9      | 9150 ||| IDENTIFYING silvery potion
  9151 | D:9      | 9151 ||| DROPPING potion of ambrosia.
  9179 | D:10     | Entered Level 10 of the Dungeon
  9365 | D:10     | Noticed a two-headed ogre
  9373 | D:10     | Killed a two-headed ogre
  9373 | D:10     | Reached * piety under Okawaru
  9374 | D:10     | 9374 ||| STAIRDANCE
  9468 | D:10     | Noticed Maggie
  9470 | D:10     | Found a staircase to the Lair.
  9480 | D:10     | Killed Maggie
  9481 | D:10     | Reached skill level 1 in Invocations
  9503 | D:10     | Noticed an oklob plant
  9504 | D:10     | 9504 ||| INVOKING Heroism.
  9505 | D:10     | 9505 ||| INVOKING Heroism.
  9523 | D:10     | 9523 ||| INVOKING Heroism.
  9524 | D:10     | Killed an oklob plant
  9525 | D:10     | Reached skill level 3 in Throwing
  9526 | D:10     | Reached ** piety under Okawaru
  9527 | D:10     | Reached skill level 3 in Invocations
  9527 | D:10     | Reached XP level 11. HP: 59/68 MP: 9/13
  9602 | D:10     | 9602 ||| DROPPING +3 flail of draining.
  9810 | D:10     | 9810 ||| PLANNING LAIR
  9816 | Lair:1   | Entered Level 1 of the Lair of Beasts
  9838 | Lair:1   | Identified the +9 rapier of Lust {elec, rC+}
  9844 | Lair:1   | 9844 ||| INVOKING Heroism.
  9931 | Lair:1   | Noticed a catoblepas
  9932 | Lair:1   | 9932 ||| INVOKING Heroism.
  9942 | Lair:1   | Killed a catoblepas
  9943 | Lair:1   | Reached skill level 11 in Axes
 10068 | Lair:1   | 10068 ||| INVOKING Heroism.
 10112 | Lair:1   | 10112 ||| INVOKING Heroism.
 10157 | Lair:1   | 10157 ||| INVOKING Heroism.
 10171 | Lair:1   | Reached *** piety under Okawaru
 10199 | Lair:1   | 10199 ||| Stepping ~*~*~tactically~*~*~ (stealth).
 10200 | Lair:1   | 10200 ||| Stepping ~*~*~tactically~*~*~ (stealth).
 10201 | Lair:1   | 10201 ||| INVOKING Heroism.
 10208 | Lair:1   | Reached skill level 9 in Fighting
 10220 | Lair:1   | Reached skill level 9 in Armour
 10388 | Lair:1   | 10388 ||| INVOKING Heroism.
 10577 | Lair:1   | 10577 ||| INVOKING Heroism.
 10583 | Lair:1   | Reached **** piety under Okawaru
 10624 | Lair:1   | 10624 ||| READING scroll labelled IGGIHU TUSMEOD.
 10648 | Lair:2   | 10648 ||| STAIRDANCE
 10650 | Lair:1   | 10650 ||| INVOKING Heroism.
 10719 | Lair:2   | 10719 ||| INVOKING Heroism.
 10720 | Lair:2   | 10720 ||| Stepping ~*~*~tactically~*~*~ (stealth).
 10739 | Lair:2   | 10739 ||| INVOKING Heroism.
 10763 | Lair:2   | 10763 ||| INVOKING Heroism.
 10992 | Lair:2   | 10992 ||| Stepping ~*~*~tactically~*~*~ (stealth).
 10996 | Lair:2   | 10996 ||| INVOKING Heroism.
 11061 | Lair:2   | 11061 ||| Stepping ~*~*~tactically~*~*~ (stealth).
 11062 | Lair:2   | 11062 ||| Stepping ~*~*~tactically~*~*~ (stealth).
 11063 | Lair:2   | Noticed a boulder beetle
 11064 | Lair:2   | 11064 ||| INVOKING Heroism.
 11073 | Lair:2   | Reached skill level 12 in Axes
 11073 | Lair:2   | Reached XP level 12. HP: 76/76 MP: 14/16
 11086 | Lair:2   | Killed a boulder beetle
 11090 | Lair:2   | 11090 ||| Stepping ~*~*~tactically~*~*~ (stealth).
 11090 | Lair:2   | Found a hole to the Spider Nest.
 11093 | Lair:2   | 11093 ||| Stepping ~*~*~tactically~*~*~ (stealth).
 11100 | Lair:2   | Reached skill level 6 in Invocations
 11368 | Lair:2   | 11368 ||| INVOKING Heroism.
 11404 | Lair:2   | Found a staircase to the Swamp.
 11744 | Lair:2   | 11744 ||| Stepping ~*~*~tactically~*~*~ (stealth).
 11993 | Lair:2   | 11993 ||| READING 10 scrolls of identify.
 11993 | Lair:2   | 11993 ||| IDENTIFYING sedimented blue potion
 11994 | Lair:2   | 11994 ||| DROPPING potion of degeneration.
 12016 | Lair:3   | Reached ***** piety under Okawaru
 12061 | Lair:3   | 12061 ||| READING 3 scrolls of enchant armour.
 12061 | Lair:3   | 12061 ||| ENCHANTING +1 pair of gloves.
 12062 | Lair:3   | 12062 ||| READING 2 scrolls of enchant armour.
 12062 | Lair:3   | 12062 ||| ENCHANTING +0 cloak.
 12063 | Lair:3   | 12063 ||| READING scroll of enchant armour.
 12063 | Lair:3   | 12063 ||| ENCHANTING +1 cloak.
 12110 | Lair:3   | Noticed a seven-headed hydra
 12112 | Lair:3   | 12112 ||| INVOKING Heroism.
 12113 | Lair:3   | 12113 ||| SWAPPING to +2 morningstar of flaming.
 12114 | Lair:3   | 12114 ||| INVOKING Finesse.
 12119 | Lair:3   | Killed a seven-headed hydra
 12120 | Lair:3   | 12120 ||| SWAPPING to +2 vorpal war axe.
 12221 | Lair:3   | 12221 ||| Stepping ~*~*~tactically~*~*~ (hiding).
 12355 | Lair:3   | Found a transporter.
 12395 | Lair:3   | 12395 ||| INVOKING Heroism.
 12641 | Lair:3   | Found a transporter.
 12934 | Lair:4   | 12934 ||| INVOKING Heroism.
 12937 | Lair:4   | Received a gift from Okawaru
 13003 | Lair:4   | 13003 ||| READING 2 scrolls of brand weapon.
 13003 | Lair:4   | 13003 ||| BRANDING +2 vorpal war axe.
 13004 | Lair:4   | 13004 ||| READING scroll of brand weapon.
 13004 | Lair:4   | 13004 ||| BRANDING +2 war axe of protection.
 13005 | Lair:4   | 13005 ||| DROPPING +2 morningstar of flaming.
 13043 | Lair:4   | 13043 ||| Stepping ~*~*~tactically~*~*~ (stealth).
 13141 | Lair:4   | Noticed a death yak
 13142 | Lair:4   | 13142 ||| INVOKING Heroism.
 13145 | Lair:4   | 13145 ||| INVOKING Finesse.
 13155 | Lair:4   | Noticed a death yak
 13158 | Lair:4   | Killed a death yak
 13158 | Lair:4   | Received a gift from Okawaru
 13158 | Lair:4   | Noticed a death yak
 13159 | Lair:4   | 13159 ||| Stepping ~*~*~tactically~*~*~ (stealth).
 13161 | Lair:4   | 13161 ||| Stepping ~*~*~tactically~*~*~ (stealth).
 13169 | Lair:4   | Killed a death yak
 13172 | Lair:4   | Noticed a death yak
 13184 | Lair:4   | Noticed a death yak
 13192 | Lair:4   | Killed a death yak
 13192 | Lair:4   | Noticed a death yak
 13199 | Lair:4   | Killed a death yak
 13200 | Lair:4   | Reached skill level 9 in Invocations
 13201 | Lair:4   | Killed a death yak
 13211 | Lair:4   | 13211 ||| Stepping ~*~*~tactically~*~*~ (stealth).
 13213 | Lair:4   | 13213 ||| Stepping ~*~*~tactically~*~*~ (stealth).
 13215 | Lair:4   | 13215 ||| FLEEEEING.
 13216 | Lair:4   | 13216 ||| FLEEEEING.
 13218 | Lair:4   | 13218 ||| STAIRDANCE
 13250 | Lair:3   | 13250 ||| DROPPING amulet of faith.
 13253 | Lair:4   | 13253 ||| INVOKING Heroism.
 13254 | Lair:4   | 13254 ||| INVOKING Finesse.
 13262 | Lair:4   | Killed a death yak
 13262 | Lair:4   | Received a gift from Okawaru
 13342 | Lair:4   | 13342 ||| INVOKING Heroism.
 13842 | Lair:5   | Entered Level 5 of the Lair of Beasts
 13852 | Lair:5   | Reached XP level 13. HP: 71/82 MP: 20/20
 13852 | Lair:5   | 13852 ||| STAIRDANCE
 13929 | Lair:5   | Found a runed translucent door.
 13933 | Lair:5   | Noticed an azure jelly
 13934 | Lair:5   | Found a staircase to the Slime Pits.
 13934 | Lair:5   | Noticed an azure jelly
 13934 | Lair:5   | Noticed an azure jelly
 13962 | Lair:5   | 13962 ||| INVOKING Heroism.
 14004 | Lair:5   | 14004 ||| Stepping ~*~*~tactically~*~*~ (stealth).
 14011 | Lair:5   | Reached skill level 13 in Axes
 14067 | Lair:5   | 14067 ||| Stepping ~*~*~tactically~*~*~ (stealth).
 14072 | Lair:5   | 14072 ||| Stepping ~*~*~tactically~*~*~ (stealth).
 14078 | Lair:5   | 14078 ||| Stepping ~*~*~tactically~*~*~ (stealth).
 14095 | Lair:5   | 14095 ||| INVOKING Heroism.
 14153 | Lair:5   | 14153 ||| INVOKING Heroism.
 14162 | Lair:5   | Received a gift from Okawaru
 14191 | Lair:5   | 14191 ||| Stepping ~*~*~tactically~*~*~ (stealth).
 14195 | Lair:5   | 14195 ||| Stepping ~*~*~tactically~*~*~ (stealth).
 14196 | Lair:5   | 14196 ||| Stepping ~*~*~tactically~*~*~ (stealth).
 14206 | Lair:5   | 14206 ||| Stepping ~*~*~tactically~*~*~ (stealth).
 14207 | Lair:5   | 14207 ||| Stepping ~*~*~tactically~*~*~ (stealth).
 14208 | Lair:5   | 14208 ||| Stepping ~*~*~tactically~*~*~ (stealth).
 14284 | Lair:5   | 14284 ||| FLEEEEING.
 14285 | Lair:5   | 14285 ||| FLEEEEING.
 14286 | Lair:5   | 14286 ||| FLEEEEING.
 14287 | Lair:5   | 14287 ||| FLEEEEING.
 14288 | Lair:5   | 14288 ||| FLEEEEING.
 14289 | Lair:5   | 14289 ||| FLEEEEING.
 14290 | Lair:5   | 14290 ||| FLEEEEING.
 14291 | Lair:5   | 14291 ||| FLEEEEING.
 14292 | Lair:5   | 14292 ||| FLEEEEING.
 14293 | Lair:5   | 14293 ||| FLEEEEING.
 14295 | Lair:5   | 14295 ||| FLEEEEING.
 14296 | Lair:5   | 14296 ||| FLEEEEING.
 14297 | Lair:5   | 14297 ||| FLEEEEING.
 14301 | Lair:5   | 14301 ||| FLEEEEING.
 14302 | Lair:5   | 14302 ||| FLEEEEING.
 14303 | Lair:5   | 14303 ||| FLEEEEING.
 14304 | Lair:5   | 14304 ||| FLEEEEING.
 14323 | Lair:5   | Identified the +1 ring mail "Exoi" {+Inv Will+ Int-4}
                  | (Okawaru gifted it to you on level 5 of the Lair of Beasts)
 14323 | Lair:5   | Received a gift from Okawaru
 14324 | Lair:5   | 14324 ||| FLEEEEING.
 14325 | Lair:5   | 14325 ||| FLEEEEING.
 14326 | Lair:5   | 14326 ||| FLEEEEING.
 14328 | Lair:5   | 14328 ||| FLEEEEING.
 14329 | Lair:5   | 14329 ||| FLEEEEING.
 14330 | Lair:5   | 14330 ||| STAIRDANCE
 14476 | Lair:5   | 14476 ||| Stepping ~*~*~tactically~*~*~ (stealth).
 14477 | Lair:5   | 14477 ||| Stepping ~*~*~tactically~*~*~ (stealth).
 14478 | Lair:5   | 14478 ||| Stepping ~*~*~tactically~*~*~ (stealth).
 14479 | Lair:5   | 14479 ||| INVOKING Heroism.
 14507 | Lair:5   | 14507 ||| Stepping ~*~*~tactically~*~*~ (stealth).
 14510 | Lair:5   | 14510 ||| Stepping ~*~*~tactically~*~*~ (stealth).
 14513 | Lair:5   | 14513 ||| Stepping ~*~*~tactically~*~*~ (stealth).
 14517 | Lair:5   | 14517 ||| FLEEEEING.
 14518 | Lair:5   | 14518 ||| FLEEEEING.
 14519 | Lair:5   | 14519 ||| FLEEEEING.
 14520 | Lair:5   | 14520 ||| FLEEEEING.
 14521 | Lair:5   | 14521 ||| FLEEEEING.
 14522 | Lair:5   | 14522 ||| FLEEEEING.
 14523 | Lair:5   | 14523 ||| FLEEEEING.
 14524 | Lair:5   | 14524 ||| FLEEEEING.
 14525 | Lair:5   | 14525 ||| FLEEEEING.
 14526 | Lair:5   | 14526 ||| FLEEEEING.
 14527 | Lair:5   | 14527 ||| FLEEEEING.
 14528 | Lair:5   | 14528 ||| FLEEEEING.
 14529 | Lair:5   | 14529 ||| FLEEEEING.
 14530 | Lair:5   | 14530 ||| FLEEEEING.
 14531 | Lair:5   | 14531 ||| FLEEEEING.
 14532 | Lair:5   | 14532 ||| FLEEEEING.
 14533 | Lair:5   | 14533 ||| FLEEEEING.
 14534 | Lair:5   | 14534 ||| FLEEEEING.
 14535 | Lair:5   | 14535 ||| FLEEEEING.
 14536 | Lair:5   | 14536 ||| FLEEEEING.
 14537 | Lair:5   | 14537 ||| FLEEEEING.
 14538 | Lair:5   | 14538 ||| FLEEEEING.
 14539 | Lair:5   | 14539 ||| FLEEEEING.
 14540 | Lair:5   | 14540 ||| FLEEEEING.
 14541 | Lair:5   | 14541 ||| FLEEEEING.
 14542 | Lair:5   | 14542 ||| FLEEEEING.
 14543 | Lair:5   | 14543 ||| FLEEEEING.
 14544 | Lair:5   | 14544 ||| FLEEEEING.
 14545 | Lair:5   | 14545 ||| FLEEEEING.
 14546 | Lair:5   | 14546 ||| FLEEEEING.
 14547 | Lair:5   | 14547 ||| FLEEEEING.
 14548 | Lair:5   | 14548 ||| FLEEEEING.
 14549 | Lair:5   | 14549 ||| FLEEEEING.
 14550 | Lair:5   | 14550 ||| FLEEEEING.
 14551 | Lair:5   | 14551 ||| FLEEEEING.
 14552 | Lair:5   | 14552 ||| FLEEEEING.
 14553 | Lair:5   | 14553 ||| FLEEEEING.
 14554 | Lair:5   | 14554 ||| FLEEEEING.
 14555 | Lair:5   | 14555 ||| FLEEEEING.
 14556 | Lair:5   | 14556 ||| FLEEEEING.
 14557 | Lair:5   | 14557 ||| FLEEEEING.
 14558 | Lair:5   | 14558 ||| FLEEEEING.
 14560 | Lair:5   | 14560 ||| FLEEEEING.
 14561 | Lair:5   | 14561 ||| FLEEEEING.
 14562 | Lair:5   | 14562 ||| FLEEEEING.
 14563 | Lair:5   | 14563 ||| FLEEEEING.
 14564 | Lair:5   | 14564 ||| FLEEEEING.
 14565 | Lair:5   | 14565 ||| FLEEEEING.
 14566 | Lair:5   | 14566 ||| FLEEEEING.
 14567 | Lair:5   | 14567 ||| FLEEEEING.
 14568 | Lair:5   | 14568 ||| FLEEEEING.
 14569 | Lair:5   | 14569 ||| FLEEEEING.
 14570 | Lair:5   | 14570 ||| FLEEEEING.
 14571 | Lair:5   | 14571 ||| STAIRDANCE
 14625 | Lair:5   | 14625 ||| STAIRDANCE
 14656 | Lair:5   | 14656 ||| STAIRDANCE
 14766 | Lair:5   | 14766 ||| INVOKING Heroism.
 14806 | Lair:5   | Noticed a fire dragon
 14807 | Lair:5   | Found a large runed translucent door.
 14824 | Lair:5   | 14824 ||| INVOKING Heroism.
 14835 | Lair:5   | Reached skill level 14 in Axes
 14941 | Lair:5   | 14941 ||| Stepping ~*~*~tactically~*~*~ (hiding).
 14942 | Lair:5   | 14942 ||| Stepping ~*~*~tactically~*~*~ (stealth).
 14943 | Lair:5   | 14943 ||| INVOKING Heroism.
 14990 | Lair:5   | 14990 ||| FLEEEEING.
 14992 | Lair:5   | 14992 ||| FLEEEEING.
 15016 | Lair:5   | 15016 ||| FLEEEEING.
 15017 | Lair:5   | 15017 ||| FLEEEEING.
 15018 | Lair:5   | 15018 ||| FLEEEEING.
 15216 | Lair:5   | Identified the +1 robe "Qyubud" {Str+3 Dex-5 Slay+2 SInv}
 15297 | Lair:5   | 15297 ||| Stepping ~*~*~tactically~*~*~ (stealth).
 15298 | Lair:5   | 15298 ||| INVOKING Heroism.
 15498 | Lair:5   | 15498 ||| INVOKING Heroism.
 15499 | Lair:5   | 15499 ||| INVOKING Finesse.
 15653 | Lair:5   | 15653 ||| INVOKING Heroism.
 15725 | Lair:5   | 15725 ||| INVOKING Heroism.
 15746 | Lair:5   | Found a large runed translucent door.
 15748 | Lair:5   | 15748 ||| Stepping ~*~*~tactically~*~*~ (stealth).
 15845 | Lair:5   | 15845 ||| PLANNING D:1-11
 15845 | Lair:5   | 15845 ||| DROPPING ring of willpower.
 15906 | Lair:5   | 15906 ||| INVOKING Heroism.
 16221 | D:11     | 16221 ||| Stepping ~*~*~tactically~*~*~ (stealth).
 16229 | D:11     | 16229 ||| INVOKING Heroism.
 16238 | D:11     | Gained mutation: Your large and strong wings let you fly.
                  | [Gargoyle growth]
 16238 | D:11     | Reached XP level 14. HP: 74/90 MP: 19/21
 16319 | D:11     | Found Qalin's General Store.
 16330 | D:11     | 16330 ||| BUYING 2 potions of heal wounds (130 gold).
 16330 | D:11     | Bought 2 potions of heal wounds for 130 gold pieces
 16330 | D:11     | 16330 ||| BUYING potion of curing (39 gold).
 16330 | D:11     | Bought a potion of curing for 39 gold pieces
 16334 | D:11     | Identified the +1 robe of the Circus Animal {Harm}
 16335 | D:11     | 16335 ||| INVOKING Heroism.
 16414 | D:11     | 16414 ||| Stepping ~*~*~tactically~*~*~ (stealth).
 16419 | D:11     | 16419 ||| INVOKING Heroism.
 16447 | D:11     | 16447 ||| READING scroll of enchant weapon.
 16447 | D:11     | 16447 ||| ENCHANTING +2 war axe of flaming.
 16474 | D:11     | 16474 ||| INVOKING Heroism.
 16783 | D:11     | 16783 ||| INVOKING Heroism.
 16786 | D:11     | 16786 ||| DRINKING 5 potions of curing.
 16786 | D:11     | 16786 ||| (to cure confusion)
 16829 | D:11     | 16829 ||| PLANNING D
 16829 | D:11     | 16829 ||| READING 12 scrolls of identify.
 16829 | D:11     | 16829 ||| IDENTIFYING black potion
 16830 | D:11     | 16830 ||| READING 11 scrolls of identify.
 16830 | D:11     | 16830 ||| IDENTIFYING fuming clear potion
 16889 | D:12     | 16889 ||| Stepping ~*~*~tactically~*~*~ (stealth).
 16891 | D:12     | 16891 ||| INVOKING Heroism.
 16892 | D:12     | 16892 ||| Stepping ~*~*~tactically~*~*~ (stealth).
 16894 | D:12     | 16894 ||| Stepping ~*~*~tactically~*~*~ (stealth).
 16897 | D:12     | 16897 ||| Stepping ~*~*~tactically~*~*~ (stealth).
 17161 | D:12     | 17161 ||| Stepping ~*~*~tactically~*~*~ (stealth).
 17162 | D:12     | 17162 ||| Stepping ~*~*~tactically~*~*~ (stealth).
 17167 | D:12     | 17167 ||| Stepping ~*~*~tactically~*~*~ (stealth).
 17171 | D:12     | 17171 ||| Stepping ~*~*~tactically~*~*~ (stealth).
 17173 | D:12     | 17173 ||| INVOKING Heroism.
 17285 | D:12     | Reached skill level 6 in Throwing
 17285 | D:12     | Found an ornate altar of the Wu Jian Council.
 17288 | D:12     | Identified the +1 scale mail of Ennui {+Blink Regen+ Int+5}
                  | (Okawaru gifted it to you on level 12 of the Dungeon)
 17288 | D:12     | Received a gift from Okawaru
 17301 | D:12     | 17301 ||| DRINKING 4 potions of curing.
 17301 | D:12     | 17301 ||| (to cure confusion)
 17421 | D:12     | 17421 ||| INVOKING Heroism.
 17647 | D:13     | Found an iron altar of Okawaru.
 17668 | D:13     | Reached skill level 15 in Axes
 17692 | D:13     | 17692 ||| Stepping ~*~*~tactically~*~*~ (stealth).
 17696 | D:13     | 17696 ||| INVOKING Heroism.
 17965 | D:13     | 17965 ||| Stepping randomly (disturbance).
 18069 | D:13     | 18069 ||| Stepping ~*~*~tactically~*~*~ (stealth).
 18082 | D:13     | 18082 ||| INVOKING Heroism.
 18255 | D:13     | Found a gate to the Vaults.
 18312 | D:13     | Identified the +9 dagger "Judac" {flame, rPois Will+ Int+7
                  | Stlth+}
 18564 | D:14     | Found a radiant altar of Vehumet.
 18579 | D:14     | 18579 ||| Stepping ~*~*~tactically~*~*~ (stealth).
 18587 | D:14     | 18587 ||| Stepping ~*~*~tactically~*~*~ (hiding).
 18599 | D:14     | Reached skill level 12 in Fighting
 18603 | D:14     | 18603 ||| INVOKING Heroism.
 18617 | D:14     | 18617 ||| Stepping ~*~*~tactically~*~*~ (stealth).
 18628 | D:14     | 18628 ||| Stepping ~*~*~tactically~*~*~ (stealth).
 18728 | D:14     | 18728 ||| Stepping ~*~*~tactically~*~*~ (stealth).
 18767 | D:14     | Found Vihal's Distillery.
 18775 | D:14     | 18775 ||| BUYING 2 potions of lignification (90 gold).
 18775 | D:14     | Bought 2 potions of lignification for 90 gold pieces
 18775 | D:14     | 18775 ||| BUYING potion of curing (45 gold).
 18775 | D:14     | Bought a potion of curing for 45 gold pieces
 18775 | D:14     | 18775 ||| BUYING potion of haste (150 gold).
 18775 | D:14     | Bought a potion of haste for 150 gold pieces
 18775 | D:14     | 18775 ||| BUYING potion of haste (150 gold).
 18775 | D:14     | Bought a potion of haste for 150 gold pieces
 18775 | D:14     | 18775 ||| BUYING potion of heal wounds (75 gold).
 18775 | D:14     | Bought a potion of heal wounds for 75 gold pieces
 18775 | D:14     | 18775 ||| BUYING potion of magic (120 gold).
 18775 | D:14     | Bought a potion of magic for 120 gold pieces
 18775 | D:14     | 18775 ||| BUYING potion of resistance (150 gold).
 18775 | D:14     | Bought a potion of resistance for 150 gold pieces
 18791 | D:14     | 18791 ||| INVOKING Heroism.
 18792 | D:14     | 18792 ||| INVOKING Finesse.
 18941 | D:14     | 18941 ||| INVOKING Heroism.
 19245 | D:14     | 19245 ||| INVOKING Heroism.
 19273 | D:14     | 19273 ||| DRINKING 4 potions of curing.
 19273 | D:14     | 19273 ||| (to cure confusion)
 19512 | D:14     | 19512 ||| INVOKING Heroism.
 19514 | D:14     | 19514 ||| Stepping ~*~*~tactically~*~*~ (hiding).
 19518 | D:14     | 19518 ||| Stepping ~*~*~tactically~*~*~ (hiding).
 19533 | D:14     | Found an iron altar of Okawaru.
 19552 | D:14     | Identified the +6 sling of Contradiction {flame, rC+
                  | Stlth+}
 19588 | D:14     | Identified the +0 scale mail of Delightful Joy {rC++}
 19718 | D:14     | 19718 ||| INVOKING Heroism.
 19740 | D:14     | Found Kuivo's Assorted Antiques.
 19746 | D:14     | 19746 ||| BUYING scroll of teleportation (99 gold).
 19746 | D:14     | Bought a scroll of teleportation for 99 gold pieces
 19749 | D:14     | 19749 ||| Stepping ~*~*~tactically~*~*~ (hiding).
 19751 | D:14     | 19751 ||| Stepping ~*~*~tactically~*~*~ (hiding).
 19753 | D:14     | 19753 ||| Stepping ~*~*~tactically~*~*~ (hiding).
 19944 | D:14     | 19944 ||| UPGRADING to +0 kite shield of fire resistance.
 19954 | D:14     | 19954 ||| DROPPING +0 buckler.
 19955 | D:14     | 19955 ||| UPGRADING to +4 plate armour of fire resistance.
 19965 | D:14     | 19965 ||| DROPPING +0 plate armour.
 19966 | D:14     | 19966 ||| UPGRADING to +2 kite shield.
 19976 | D:14     | 19976 ||| UPGRADING to +1 helmet of see invisible.
 20008 | D:15     | Entered Level 15 of the Dungeon
 20010 | D:15     | Received a gift from Okawaru
 20013 | D:15     | 20013 ||| Stepping ~*~*~tactically~*~*~ (hiding).
 20038 | D:15     | Noticed Louise
 20039 | D:15     | 20039 ||| Stepping ~*~*~tactically~*~*~ (stealth).
 20042 | D:15     | 20042 ||| Stepping ~*~*~tactically~*~*~ (hiding).
 20044 | D:15     | 20044 ||| INVOKING Heroism.
 20045 | D:15     | 20045 ||| INVOKING Finesse.
 20061 | Abyss:2  | Cast into level 2 of the Abyss (Louise)
 20138 | Abyss:2  | 20138 ||| Stepping ~*~*~tactically~*~*~ (stealth).
 20139 | Abyss:2  | 20139 ||| Stepping ~*~*~tactically~*~*~ (stealth).
 20143 | Abyss:2  | 20143 ||| Stepping ~*~*~tactically~*~*~ (stealth).
 20160 | Abyss:2  | 20160 ||| Stepping ~*~*~tactically~*~*~ (cloud).
 20161 | Abyss:2  | Noticed a bone dragon
 20164 | Abyss:2  | 20164 ||| Stepping randomly (cloudy).
 20165 | Abyss:2  | 20165 ||| Stepping ~*~*~tactically~*~*~ (cloud).
 20172 | Abyss:2  | 20172 ||| INVOKING Heroism.
 20172 | Abyss:2  | HP: 22/92 [bone dragon (33)]
 20173 | Abyss:2  | 20173 ||| READING 4 scrolls of teleportation.
 20173 | Abyss:2  | Slain by a bone dragon

Levels and vault maps discovered:
D:1:      minmay_arrival_four_circles, layout_loops_corners,
          shapermc_ecumenical_altar_ellora, minmay_tetromino_t4
D:2:      layout_loops_cross, basic_altar, uniq_natasha, uniq_crazy_yiuf_cottage
D:3:      cheibrodos_thug_alley, layout_rooms,
          nicolae_gozag_cash_rules_everything_around_me, gup_sewer_entry_pipe
D:4:      layout_loops_ring, serial_rivers, chequers_serial_rivers_micro_b,
          chequers_serial_rivers_small_a, chequers_serial_rivers_micro_a,
          chequers_serial_rivers_micro_d, chequers_serial_rivers_micro_e,
          hangedman_abyss_or_decor_jellyfish_corner, serial_bayou_pond_d
D:5:      layout_gridville, mainiacjoe_overflow_tiny_flanked,
          chequers_mini_garden, grunt_decor_mini_mirrors
D:6:      layout_cave_pools, chequers_serial_rivers_large_a
D:7:      layout_rooms, minmay_temple_entry_arrows, uniq_menkaure
D:8:      layout_rooms
D:9:      layout_loops_ring, minitemple, orc_0_dummy, st_stairs_12,
          minmay_misc_feat_plants, uniq_pikel
D:10:     layout_rooms, dpeg_oklobed_lair, serial_corexii_hall,
          corexii_hall_statues_x, chequers_hall_statues_corner_a, uniq_maggie
D:11:     layout_cave_pools, serial_shops, shop, kennysheep_generic_room_13
D:12:     layout_small_grid, minmay_ruined_shrine
D:13:     layout_roguey, erik_vaults_1, okawaru_metal_pillars_1_2
D:14:     evilmike_iron_armoury, layout_irregular_city, serial_shops,
          nicolae_stop_n_shop_1, nicolae_shop_statue_plus,
          nicolae_vehumet_radiance
D:15:     grunt_enter_depths_hoard, layout_irregular_city, nzn_ghost_randoct,
          uniq_louise
Temple:   nicolae_temple_figure_eight
Lair:1:   layout_gridlike, ldierk_geyser
Lair:2:   layout_cave_pods, skrybe_swamp_entry_bodies,
          nicolae_spider_entry_non_spiders, infiniplex_staircase_pool_2
Lair:3:   gammafunk_cloud_chamber, layout_loops_ring
Lair:4:   layout_regular_city, kennysheep_basilisk_garden
Lair:5:   cheibrodos_lair_end_hotspot, layout_misc_corridors, slime_entry_2
Abyss:2:  base:
D:10

Skill      XL: |  1  2  3  4  5  6  7  8  9 10 11 12 13 14 |
---------------+-------------------------------------------+-----
Axes           | 2 3 4 5 6 7 8 9 10 12 14 15 | 15.8
Fighting       | 4 5 6 7 8 9 10 11 12 | 12.0
Armour         | 4 5 6 8 9 11 | 11.0
Throwing       | 1 2 3 4 5 6 |  6.0
Dodging        | 1 2 |  2.3
Shields        | 6 7 8 |  8.0
Invocations    | 3 5 9 10 | 10.0

Action                   |  1- 3 |  4- 6 |  7- 9 | 10-12 | 13-15 || total
-------------------------+-------+-------+-------+-------+-------++-------
Melee: War axe           |    69 |   197 |   200 |   417 |   609 ||  1492
       Morningstar       |       |       |       |     5 |       ||     5
Throw: Boomerang         |       |    18 |       |       |     8 ||    26
       Javelin           |       |       |    37 |    76 |    89 ||   202
Invok: Heroism           |       |       |       |    23 |    30 ||    53
       Finesse           |       |       |       |     3 |     3 ||     6
  Use: Scroll            |     7 |    10 |     9 |     8 |     4 ||    38
       Potion            |     2 |       |     3 |     1 |     3 ||     9
 Stab: Distracted        |       |       |       |     1 |       ||     1
Armor: Scale mail        |    23 |       |       |       |       ||    23
       Plate armour      |     7 |   143 |   200 |   217 |   386 ||   953
Dodge: Dodged            |    22 |    56 |   130 |   160 |   211 ||   579
Block: Buckler           |     8 |    42 |    55 |    69 |   134 ||   308
       Kite shield       |       |       |       |       |    17 ||    17

Table legend:
 A = Non-vault XP
 B = Vault XP
 C = Vault XP percentage of total XP
 D = Non-vault monster count
 E = Vault monster count
 F = Vault count percentage of total count
                 A         B        C        D         E       F
            +---------+---------+-------+---------+---------+-------
      Total |   62902 |   20208 |  24.3 |     400 |      92 |  18.7
            +---------+---------+-------+---------+---------+-------
        D:1 |      47 |       7 |  13.0 |      19 |       4 |  17.4
        D:2 |      73 |      33 |  31.1 |      16 |       1 |   5.9
        D:3 |      40 |     127 |  76.0 |      16 |      19 |  54.3
        D:4 |     318 |       0 |   0.0 |      21 |       0 |   0.0
        D:5 |     504 |       0 |   0.0 |      21 |       0 |   0.0
        D:6 |     868 |       0 |   0.0 |      28 |       0 |   0.0
        D:7 |    1785 |     169 |   8.6 |      23 |       1 |   4.2
        D:8 |    1261 |       0 |   0.0 |      20 |       0 |   0.0
        D:9 |     806 |     852 |  51.4 |      27 |       2 |   6.9
       D:10 |    2268 |     933 |  29.1 |       8 |       2 |  20.0
       D:11 |    3439 |      88 |   2.5 |      24 |       1 |   4.0
       D:12 |    6100 |    2510 |  29.2 |      25 |       7 |  21.9
       D:13 |    3487 |    1654 |  32.2 |      10 |       2 |  16.7
       D:14 |    6174 |    4605 |  42.7 |      20 |      15 |  42.9
       D:15 |     854 |       0 |   0.0 |       2 |       0 |   0.0
     Lair:1 |    6263 |       0 |   0.0 |      22 |       0 |   0.0
     Lair:2 |    3911 |    1712 |  30.4 |      26 |       9 |  25.7
     Lair:3 |    2346 |       0 |   0.0 |       7 |       0 |   0.0
     Lair:4 |    7583 |     971 |  11.4 |      17 |       5 |  22.7
     Lair:5 |   13699 |    6547 |  32.3 |      45 |      24 |  34.8
    Abyss:2 |    1076 |       0 |   0.0 |       3 |       0 |   0.0
            +---------+---------+-------+---------+---------+-------
